Map: [ESL] Oceanborn

Players

Strange - Winner!

  • Race: Protoss Protoss
  • League: Grandmaster
  • Spawn Location: 11:00

goblin

  • Race: Protoss Protoss
  • League: Grandmaster
  • Spawn Location: 5:00

Event: IEM Katowice 2024

VOD

Have the link to the VOD?

Description

Time

  • Played on: Dec. 7, 2023, 2:12 p.m.
  • Length: 12:25

All games in this series

Show
View Real Time Build Order
Export as new Build Order

Strange Protoss - Winner!

Build Orders: Phoenix Opening, Blink Stalkers 

Get SALT Encoding   

  12  0:00  Probe  
  13  0:12  Probe  
  14  0:17  Pylon  
  14  0:24  Probe  
  15  0:35  Gateway  
  15  0:36  Probe (Chrono Boost)  
  16  0:46  Assimilator, Probe (Chrono Boost)  
  17  0:51  Probe (Chrono Boost)  
  17  0:54  Assimilator  
  18  1:03  Probe (Chrono Boost)  
  19  1:07  Gateway  
  19  1:12  Probe (Chrono Boost)  
  19  1:17  Probe (Chrono Boost)  
  20  1:23  Cybernetics Core  
  21  1:29  Probe  
  22  1:33  Pylon  
  22  1:41  Probe  
  23  1:53  Probe  
  24  1:59  Stalker  
  24  2:00  Warp Gate  
  28  2:05  Sentry  
  28  2:09  Probe  
  28  2:10  Pylon  
  29  2:21  Probe  
  30  2:28  Sentry, Pylon  
  32  2:38  Phoenix  
  32  2:49  Nexus, Sentry, Probe (Chrono Boost)  
  35  3:00  Shield Battery  
  35  3:01  Probe (Chrono Boost)  
  36  3:06  Twilight Council, Probe (Chrono Boost)  
  37  3:13  Pylon  
  37  3:17  Probe  
  38  3:29  Probe  
  39  3:35  Blink (Chrono Boost)  
  39  3:41  Probe  
  39  3:43  Forge  
  40  3:49  Stalker  
  40  3:53  Stalker  
  44  3:56  Probe  
  44  4:00  Probe  
  46  4:08  Probe  
  47  4:10  Protoss Ground Weapons Level 1 (Chrono Boost)  
  47  4:13  Probe  
  47  4:15  Stalker  
  50  4:20  Probe  
  50  4:22  Stalker  
  53  4:25  Probe  
  54  4:32  Probe  
  54  4:36  Pylon  
  54  4:37  Probe  
  56  4:40  Stalker  
  58  4:46  Stalker  
  60  4:54  Nexus  
  60  4:58  Probe x2  
  62  5:04  Shield Battery  
  62  5:10  Probe  
  63  5:14  Pylon, Stalker x2  
  63  5:18  Probe  
  68  5:24  Robotics Facility  
  68  5:25  Assimilator, Probe  
  69  5:30  Probe  
  69  5:31  Pylon  
  70  5:37  Probe  
  70  5:38  Stalker  
  70  5:39  Stalker  
  75  5:42  Probe  
  75  5:47  Protoss Ground Weapons Level 2 (Chrono Boost)  
  75  5:49  Probe  
  77  5:55  Probe (Chrono Boost)  
  78  6:02  Gateway  
  79  6:05  Gateway, Probe (Chrono Boost)  
  79  6:06  Probe (Chrono Boost)  
  81  6:13  Probe (Chrono Boost)  
  81  6:14  Gateway  
  81  6:15  Probe (Chrono Boost)  
  81  6:17  Gateway, Probe (Chrono Boost)  
  83  6:20  Probe x2 (Chrono Boost)  
  83  6:25  Gateway, Probe  
  85  6:28  Gateway  
  85  6:31  Immortal (Chrono Boost), Probe  
  87  6:38  Charge (Chrono Boost), Pylon, Probe  
  92  6:49  Pylon  
  92  6:52  Zealot x2  
  96  6:55  Pylon  
  96  6:56  Pylon  
  96  7:01  Zealot  
  96  7:02  Zealot  
  96  7:04  Observer  
  101  7:11  Templar Archives  
  101  7:18  Zealot x4  
  101  7:21  Zealot  
  101  7:22  Zealot x2  
  115  7:25  Pylon  
  115  7:27  Warp Prism  
  116  7:34  Zealot  
  118  7:38  Pylon  
  118  7:43  Zealot x6  
  130  7:50  Zealot  
  132  7:57  Pylon  
  132  8:05  High Templar  
  132  8:06  High Templar, Zealot x3  
  132  8:07  Zealot x2, Gateway  
  132  8:09  Gateway  
  132  8:11  Archon  
  146  8:15  Pylon  
  146  8:17  Pylon  
  146  8:27  Zealot x5  
  146  8:45  Zealot x3  
  146  8:49  Stalker x5  
  130  9:07  Zealot x4  
  130  9:08  Zealot  
  128  9:12  High Templar x2  
  128  9:13  Zealot x3  
  122  9:17  Archon  
  108  9:27  Immortal (Chrono Boost)  
  108  9:29  Observer  
  96  9:37  Stalker x5  
  96  9:38  Stalker  
  98  9:48  Nexus  
  98  9:49  Shield Battery  
  96  10:00  Zealot x5  
  96  10:06  Sentry, Zealot x2  
  111  10:09  Stalker  
  111  10:12  Zealot  
  115  10:25  Zealot x3  
  121  10:32  Warp Prism (Chrono Boost)  
  121  10:44  Stalker x5  
  121  10:45  Stalker  
  127  11:04  Stalker x4  
  127  11:07  Probe x3 (Chrono Boost)  
  127  11:11  Stalker x2  
  139  11:17  Zealot x3, Probe x2 (Chrono Boost)  
  148  11:19  Stalker  
  150  11:35  Zealot  
  150  11:36  Zealot x5  
  150  11:39  Stalker x3  
  144  12:02  Zealot x6  
  144  12:03  Zealot x3  
  160  12:15  Stalker  
  146  12:24  Stalker x4  
Show
View Real Time Build Order
Export as new Build Order

goblin Protoss 

Build Orders: Phoenix Opening, Blink Stalkers 

Get SALT Encoding   

  12  0:00  Probe  
  13  0:12  Probe  
  14  0:17  Pylon  
  14  0:24  Probe (Chrono Boost)  
  15  0:36  Gateway, Probe (Chrono Boost)  
  16  0:45  Assimilator  
  16  0:46  Probe (Chrono Boost)  
  17  0:54  Assimilator  
  17  0:56  Probe (Chrono Boost)  
  18  1:07  Gateway  
  18  1:08  Probe (Chrono Boost)  
  19  1:14  Probe (Chrono Boost)  
  20  1:22  Probe  
  20  1:23  Cybernetics Core  
  21  1:33  Pylon  
  21  1:34  Probe  
  22  1:46  Probe  
  23  1:59  Probe  
  23  2:00  Sentry, Stalker  
  23  2:01  Warp Gate  
  28  2:10  Pylon  
  28  2:13  Probe  
  29  2:25  Probe  
  29  2:28  Stalker  
  32  2:30  Sentry, Phoenix  
  34  2:37  Probe  
  35  2:50  Nexus  
  34  2:59  Probe  
  34  3:02  Twilight Council  
  35  3:07  Pylon  
  35  3:14  Stalker  
  35  3:17  Probe  
  38  3:24  Sentry  
  40  3:29  Probe (Chrono Boost)  
  41  3:36  Blink (Chrono Boost)  
  41  3:40  Probe (Chrono Boost)  
  42  3:45  Probe (Chrono Boost)  
  43  3:55  Probe  
  44  4:01  Probe  
  45  4:05  Phoenix  
  45  4:06  Stalker x2  
  45  4:07  Probe  
  50  4:13  Probe  
  51  4:19  Probe  
  52  4:26  Probe  
  52  4:28  Nexus  
  53  4:31  Probe  
  53  4:35  Stalker  
  53  4:36  Stalker  
  58  4:40  Pylon  
  58  4:42  Probe  
  58  4:44  Probe  
  60  4:48  Phoenix  
  60  4:51  Gateway  
  60  5:01  Stalker  
  60  5:02  Stalker  
  60  5:04  Probe  
  60  5:05  Probe  
  66  5:10  Shield Battery  
  66  5:12  Pylon  
  66  5:17  Probe x2  
  68  5:25  Gateway  
  68  5:26  Gateway  
  68  5:27  Assimilator  
  68  5:29  Stalker  
  68  5:32  Probe x2  
  72  5:36  Robotics Facility  
  72  5:41  Stalker  
  74  5:44  Probe (Chrono Boost)  
  74  5:45  Probe x2 (Chrono Boost)  
  77  5:51  Phoenix  
  77  5:55  Probe x3 (Chrono Boost)  
  80  6:00  Probe x3 (Chrono Boost)  
  80  6:04  Charge  
  83  6:06  Pylon  
  83  6:08  Phoenix  
  83  6:11  Probe x2  
  85  6:12  Gateway  
  85  6:14  Gateway, Probe  
  86  6:23  Probe  
  86  6:25  Observer (Chrono Boost)  
  88  6:26  Stalker x2, Forge  
  88  6:28  Probe  
  93  6:36  Nexus  
  93  6:37  Observer (Chrono Boost)  
  93  6:38  Pylon  
  95  6:40  Probe  
  95  6:46  Probe  
  96  6:47  Probe  
  96  6:52  Probe  
  96  6:54  Stalker  
  100  6:55  Protoss Ground Weapons Level 1 (Chrono Boost)  
  100  6:59  Pylon  
  100  7:00  Stalker x3  
  106  7:04  Phoenix  
  106  7:08  Photon Cannon  
  106  7:11  Shield Battery, Probe x2  
  108  7:21  Probe  
  108  7:22  Pylon  
  109  7:23  Stalker, Probe  
  109  7:24  Stalker x2  
  116  7:32  Observer  
  116  7:35  Pylon  
  116  7:38  Gateway x2  
  116  7:40  Probe x2  
  116  7:41  Pylon  
  116  7:43  Forge  
  118  7:47  Photon Cannon, Stalker x3  
  124  7:54  Observer  
  124  8:02  Stalker x4  
  132  8:11  Gateway  
  132  8:12  Gateway, Probe x2  
  134  8:13  Assimilator  
  134  8:15  Protoss Ground Armor Level 1 (Chrono Boost)  
  134  8:20  Warp Prism  
  134  8:29  Zealot x3, Stalker x2  
  134  8:30  Zealot  
  138  8:41  Zealot  
  138  8:45  Zealot x2  
  138  8:48  Probe x2  
  139  8:52  Stalker x3  
  139  8:53  Stalker  
  131  9:01  Zealot x2  
  120  9:08  Stalker x4  
  116  9:10  Zealot  
  116  9:16  Zealot  
  115  9:17  Zealot x3  
  108  9:29  Probe x3 (Chrono Boost)  
  108  9:30  Probe (Chrono Boost)  
  100  9:39  Probe x2 (Chrono Boost)  
  100  9:40  Probe x2 (Chrono Boost)  
  100  9:41  Observer  
  100  9:44  Probe (Chrono Boost)  
  100  9:45  Probe x2 (Chrono Boost)  
  101  9:46  Probe (Chrono Boost)  
  105  9:55  Probe x2  
  105  9:57  Sentry, Probe x2  
  105  9:58  Stalker x3  
  117  10:07  Protoss Ground Weapons Level 2 (Chrono Boost)  
  117  10:09  Probe (Chrono Boost)  
  117  10:11  Probe x2 (Chrono Boost)  
  121  10:14  Pylon  
  121  10:16  Zealot  
  121  10:17  Probe (Chrono Boost)  
  121  10:20  Probe (Chrono Boost)  
  124  10:22  Pylon  
  124  10:25  Probe x2 (Chrono Boost)  
  118  10:35  Zealot  
  118  10:36  Zealot x6  
  118  10:37  Probe  
  118  10:39  Probe (Chrono Boost)  
  118  10:40  Zealot x2  
  118  10:43  Zealot x3  
  118  10:44  Probe (Chrono Boost)  
  118  10:45  Probe (Chrono Boost)  
  118  10:49  Probe (Chrono Boost)  
  124  10:51  Probe (Chrono Boost)  
  124  10:56  Probe (Chrono Boost)  
  126  10:59  Pylon, Probe x3 (Chrono Boost)  
  126  11:01  Probe (Chrono Boost)  
  126  11:04  Probe (Chrono Boost)  
  129  11:05  Probe  
  129  11:07  Probe  
  132  11:14  Pylon  
  132  11:16  Pylon  
  132  11:17  Probe x2  
  132  11:32  Stalker x6  
  140  11:33  Shield Battery, Stalker  
  140  11:34  Stalker x2  
  140  11:38  Stalker x2  
  142  11:58  Zealot x8  
  148  12:02  Zealot x3  
  109  12:19  Stalker x5  
  109  12:20  Stalker x2  

Tags
 
Add a new tag
Caveats
  • Supply blocks, unpowered buildings, or Contaminate may cause inaccurate times.
  • Supply counts are checked every 10 seconds.